 Dungeon Crawl Stone Soup version 0.27-a0-1202-ge72e49191c (webtiles) character file.

Game seed: 11169510156219570820

398 27snakeeyes612 the Chopper (level 6, -3/57 HPs)
             Began as a Naga Fighter on June 3, 2021.
             Slain by a gnoll
             ... wielding a +0 club
              (6 damage)
             ... on level 4 of the Dungeon.
             The game lasted 00:01:52 (3572 turns).

27snakeeyes612 the Chopper (Naga Fighter)           Turns: 3572, Time: 00:01:53

Health: -3/57      AC:  6    Str: 20    XL:     6   Next: 83%
Magic:  6/6        EV:  6    Int:  9    God:
Gold:   106        SH:  9    Dex: 10    Spells: 5/5 levels left

rFire    . . .     SeeInvis +   a - +0 war axe
rCold    . . .     Faith    .   c - +0 kite shield
rNeg     . . .     Spirit   .   b - +0 scale mail
rPois    +         Reflect  .   (no helmet)
rElec    .         Harm     .   (no cloak)
rCorr    .         Rampage  .   (no gloves)
Will     .....                  (no barding)
Stlth    ..........             (no amulet)
HPRegen  0.19/turn              (no ring)
MPRegen  0.10/turn              (no ring)

@: very slow
A: AC +2, large, see invisible, deformed body, poison resistance, slowness 2,
spit poison 1, naga tail 1
a: Spit Poison


You were on level 4 of the Dungeon.
You visited 1 branch of the dungeon, and saw 4 of its levels.

You collected 106 gold pieces.

Inventory:

Hand Weapons
 a - a +0 war axe (weapon)
Missiles
 e - 4 curare-tipped darts
Armour
 b - a +0 scale mail (worn)
 c - a +0 kite shield (worn)
Wands
 d - a wand of digging (6)
 q - a wand of acid (10)
Scrolls
 f - a scroll of fog {unknown}
 h - 4 scrolls of identify {unknown}
 k - a scroll of torment {unknown}
 l - a scroll of amnesia {unknown}
 o - a scroll of enchant weapon {unknown}
 p - a scroll of teleportation {unknown}
Potions
 g - 2 potions of magic {unknown}
 i - 2 potions of brilliance {unknown}
 j - a potion of resistance {unknown}
 m - a potion of cancellation {unknown}
 n - a potion of degeneration {unknown}


   Skills:
 + Level 4.0 Fighting
 + Level 4.4 Axes
 + Level 4.0 Armour
 + Level 1.1 Dodging
 + Level 2.9 Shields


You had 5 spell levels left.
You didn't know any spells.
Your spell library contained the following spells:

 Spells                   Type           Power      Damage    Failure   Level
 Animate Skeleton         Necr           0%         N/A       99%         1
 Apportation              Tloc           0%         N/A       99%         1
 Corona                   Hex            0%         N/A       99%         1
 Summon Small Mammal      Summ           0%         N/A       99%         1
 Ensorcelled Hibernation  Hex/Ice        0%         N/A       99%         2
 Confusing Touch          Hex            0%         N/A       100%        3
 Dazzling Flash           Conj/Hex       0%         N/A       100%        3
 Tukima's Dance           Hex            0%         N/A       100%        3


Dungeon Overview and Level Annotations

Branches:
Dungeon (4/15)
 Temple: D:4-7

Altars:


Innate Abilities, Weirdness & Mutations

Your serpentine skin is tough. (AC +2)
You have supernaturally acute eyesight. (SInv)
Armour fits poorly on your strangely shaped body.
Your system is resistant to poisons. (rPois)
You cover ground very slowly.
You can spit poison.
You have a snake-like lower body.


Message History

You block the gnoll's attack. The gnoll shaman barely misses you.
The gnoll hits you with a +0 whip!
The gnoll shaman hits you with a +0 club.
You slash the gnoll shaman!
The gnoll shaman is heavily wounded.
You slash the gnoll!
You kill the gnoll!
The gnoll shaman closely misses you.
Unknown command.
You closely miss the gnoll. You hit the gnoll shaman.
The gnoll closely misses you. The gnoll hits you with a +0 club.
You block the gnoll shaman's attack.
You barely miss the gnoll. You hit the gnoll shaman.
You kill the gnoll shaman!
The gnoll hits you with a +0 club. The goblin barely misses you.
The gnoll hits you with a +0 club.
Your Armour skill increases to level 4!
Unknown command.
You slash the goblin!
You kill the goblin!
You hit the gnoll but do no damage. The gnoll hits you with a +0 club.
* * * LOW HITPOINT WARNING * * *
The gnoll hits you but does no damage. You block the gnoll's attack.
Unknown command.
Your shield and scale mail prevent you from hitting the gnoll.
You hit the gnoll but do no damage. The gnoll barely misses you.
You block the gnoll's attack. The gnoll hits you with a +0 club.
* * * LOW HITPOINT WARNING * * *
Unknown command.
You closely miss the gnoll. You hit the gnoll. You block the gnoll's attack. x2
The gnoll hits you with a +0 club.
* * * LOW HITPOINT WARNING * * *
You block the gnoll's attack.
Unknown command.
You hit the gnoll.
The gnoll is moderately wounded.
You completely miss the gnoll. The gnoll hits you with a +0 club.
* * * LOW HITPOINT WARNING * * *
The gnoll hits you with a +0 club.
You die...

#.g..+ #....#
##############....#
..........#..##'##
..........#......#
..........#†)....#
#..........#'######
.......#+##.....#
........#.@g.....#
........#.g#.....#
........####.....###
#..................
+...................
#...................
#####+##(.................[
#.............#############
#.............#.......


You could see 2 gnolls.

Vanquished Creatures
  Eustachio (D:4)
  A phantom (D:3)
  A water moccasin skeleton (D:2)
  A gnoll shaman (D:4)
  A gnoll (D:4)
  2 adders (D:3)
  An adder zombie (D:2)
  A dart slug (D:4)
  An orc (D:4)
  4 endoplasms
  A giant cockroach (D:3)
  6 goblins
  8 hobgoblins
  7 quokkas
  5 ball pythons
  4 bats
  A frilled lizard (D:1)
  4 kobolds
  A quokka skeleton (D:2)
  A quokka zombie (D:2)
  8 rats
60 creatures vanquished.

Vanquished Creatures (others)
  A withered plant (D:2)
1 creature vanquished.

Grand Total: 61 creatures vanquished

Notes
Turn   | Place    | Note
-------+----------+-------------------------------------------
     0 | D:1      | 27snakeeyes612 the Naga Fighter began the quest for the
                  | Orb.
     0 | D:1      | Reached XP level 1. HP: 21/21 MP: 1/1
   177 | D:1      | Reached XP level 2. HP: 27/28 MP: 2/2
   425 | D:1      | Found a faded altar of an unknown god.
   611 | D:1      | Reached XP level 3. HP: 30/34 MP: 3/3
  1179 | D:2      | Reached XP level 4. HP: 9/42 MP: 4/4
  2256 | D:3      | Noticed a phantom
  2442 | D:4      | Noticed Eustachio
  2452 | D:4      | Killed Eustachio
  2453 | D:4      | Reached XP level 5. HP: 16/50 MP: 5/5
  2453 | D:4      | Reached XP level 6. HP: 18/57 MP: 6/6
  2783 | D:3      | Reached skill level 1 in Dodging
  3572 | D:4      | Slain by a gnoll

Illustrated notes

Levels and vault maps discovered:
D:1:      lightli_arrival_maybe_door_vault, layout_rooms,
          ebering_ecumenical_altar_sacrificial
D:2:      layout_loops_corners, serial_undead, serial_undead_f, serial_undead_a,
          serial_undead_d, serial_undead_c
D:3:      layout_basic, st_stairs_14, glass_columns_b
D:4:      layout_gridville, uniq_pikel, uniq_eustachio

Skill      XL: |  1  2  3  4  5  6 |
---------------+-------------------+-----
Axes           | 3 4 |  4.4
Armour         | 3 4 |  4.0
Fighting       | 4 |  4.0
Dodging        | 1 |  1.1
Shields        | |  2.9

Action                   |  1- 3 |  4- 6 || total
-------------------------+-------+-------++-------
Melee: War axe           |    74 |   111 ||   185
 Abil: Spit Poison       |       |     1 ||     1
  Use: Potion            |       |     1 ||     1
Armor: Scale mail        |    36 |    63 ||    99
Dodge: Dodged            |    17 |    28 ||    45
Block: Kite shield       |    38 |    51 ||    89

Table legend: (Time is in decaauts)
 A = Elapsed time spent in this place.
 B = Non-inter-level travel time spent in this place.
 C = Inter-level travel time spent in this place.
 D = Time resting spent in this place.
 E = Time spent auto-exploring this place.
 F = Levels seen in this place.
 G = Mean time per level.
                   A        B        C        D        E       F      G
               +--------+--------+--------+--------+--------+-----+--------+
         Total |   4495 |   4381 |    114 |     26 |   3845 |   4 | 1123.8 |
       Dungeon |   4495 |   4381 |    114 |     26 |   3845 |   4 | 1123.8 |
               +--------+--------+--------+--------+--------+-----+--------+

Top non-repeatable levels by time:
     D:2: 1499 daAuts
     D:3: 1345 daAuts
     D:1: 1013 daAuts
     D:4: 638 daAuts
